AoeStats
← AxingQuestions

African Clearing

505343033Analyzed
4v4 RM · 23d ago on Sep 9, 2026· 21m 13s· 8 players
Game mode
Random Map
Map size
Large (8 player)
Population
200
Speed
Normal
Resources
Standard
Victory
Conquest
Starting age
Dark Age
Ending age
Imperial Age
RankedLock teamsTeams togetherTeam positionsShared explorationLock speedFull tech treeHidden civsTurbo modeCheats
Victory
Defeat
🇦🇷 Wei · Argentina
1295
+16
🇨🇱 Malay · Chile
1291
+16
🇧🇷 Persians · Brazil
1286
+16
🇵🇪 Lithuanians · Peru
1243
+18
🇭🇰 Ethiopians · Hong Kong SAR China
1337
-19
🇲🇽 Franks · Mexico
1333
-18
🇺🇸 Vikings · United States
1254
-15
🇨🇴 Vietnamese · Colombia
1227
-14
JR91
3:22 Loom
13:17 Feudal Age
17:47 Castle Age
16:00 Double-Bit Axe
16:50 Horse Collar
18:23 Bow Saw
lucasmauriciogona
3:13 Loom
14:07 Feudal Age
17:18 Castle Age
15:38 Double-Bit Axe
16:36 Stone Mining
17:24 Bow Saw
El Maxo
9:34 Loom
11:52 Feudal Age
12:22 Loom
12:24 Double-Bit Axe
13:14 Horse Collar
16:16 Wheelbarrow
21:27 Castle Age
20:23 Bloodlines
20:55 Scale Barding Armor
21:37 Gold Mining
变态
6:46 Loom
13:20 Feudal Age
17:43 Castle Age
15:40 Double-Bit Axe
19:02 Wheelbarrow
18:50 Bow Saw
21:31 Horse Collar
AxingQuestions
4:39 Loom
15:52 Feudal Age
16:20 Double-Bit Axe
16:23 Horse Collar
16:35 Town Watch
21:54 Castle Age
Juan_DavidMLL
14:04 Feudal Age
14:45 Double-Bit Axe
16:37 Loom
17:01 Town Watch
19:47 Castle Age
20:43 Bow Saw
20:35 Fishing Lines
20:26 Pikeman
21:06 Squires
21:18 Forging
HK | Jai Guru Deva
5:59 Loom
15:15 Feudal Age
文風
12:18 Feudal Age
14:17 Double-Bit Axe
16:34 Castle Age
15:18 Horse Collar
17:49 Bow Saw
Connection lost

Rejoining the realm…

Still unreachable

The connection could not be restored.

Session expired

The server has moved on; the page needs a fresh start.